 Dungeon Crawl Stone Soup version 0.31.0-32-g396128a36d (webtiles) character file.

Game seed: 7551744824746324604

305 Peloso the Covered (level 6, 0/53 HPs)
             Began as a Minotaur Fighter on Apr 22, 2024.
             Was an Initiate of Okawaru.
             Killed by divine providence
             ... invoked by an orc priest
              (14 damage)
             ... on level 4 of the Dungeon.
             The game lasted 00:05:00 (3439 turns).

Peloso the Covered (Minotaur Fighter)               Turns: 3439, Time: 00:05:01

Health: 0/53       AC:  8    Str: 20    XL:     6   Next: 15%
Magic:  5/5        EV: 10    Int:  5    God:    Okawaru [......]
Gold:   182        SH:  5    Dex: 12    Spells: 5/5 levels left

rFire   . . .        a - +0 long sword (drain)
rCold   . . .        c - +0 buckler
rNeg    . . .        b - +1 scale mail
rPois   .            (helmet currently unavailable)
rElec   .            (cloak currently unavailable)
rCorr   .            (gloves currently unavailable)
SInv    .            (boots currently unavailable)
Will    .....        (no amulet) Stlth
                     (no ring)
HPRegen 0.28/turn    (no ring)
MPRegen 0.09/turn

%: no passive effects
@: beast-form
A: beast (slay +0), horns 2, retaliatory headbutt
a: Begin Untransformation, Renounce Religion


You were on level 4 of the Dungeon.
You worshipped Okawaru.
Okawaru was noncommittal.
You were a hulking beast.
You visited 1 branch of the dungeon, and saw 4 of its levels.

You collected 182 gold pieces.

Inventory:

Hand Weapons
 a - a +0 long sword of draining (weapon)
Armour
 b - a +1 scale mail (worn)
 c - a +0 buckler (worn)
 f - a +0 pair of gloves
Talismans
 j - a beast talisman (active)
Scrolls
 l - a scroll of amnesia
 p - a scroll of teleportation
Potions
 d - 3 potions of might
 e - 3 potions of heal wounds
 g - 3 potions of curing
 i - 2 potions of ambrosia
 k - a potion of resistance {unknown}
 m - a potion of brilliance {unknown}


   Skills:
 + Level 4.6 Fighting
 + Level 4.4 Long Blades
 + Level 5.5 Armour
 + Level 1.4 Dodging
 + Level 0.5 Stealth
 + Level 4.4 Shields
 + Level 0.9 Shapeshifting


You had 5 spell levels left.
You didn't know any spells.
Your spell library contained the following spells:

 Spells                   Type           Power      Damage    Failure   Level
 Blink                    Tloc           0%         N/A       95%         2
 Lesser Beckoning         Tloc           0%         N/A       95%         2
 Momentum Strike          Conj/Tloc      0%         3d8       95%         2


Dungeon Overview and Level Annotations

Branches:
Dungeon (4/15)
 Temple: D:4-7

Altars:
Okawaru
Zin


Innate Abilities, Weirdness & Mutations

You are a hulking beast.
Your limbs bulge with bestial killing power. (Slay +0)
You have a pair of horns on your head.
You reflexively headbutt those who attack you in melee.


Message History

An orc comes into view. It is wielding a +0 short sword.
The orc hits you with a +0 flail.
You barely miss the orc.
The orc shouts!
You block the orc's attack.
You barely miss the orc.
An orc priest comes into view. It is wielding a +0 club.
The orc barely misses you.
You barely miss the orc.
An orc comes into view. It is wielding a +0 falchion.
You block the orc's attack. The orc closely misses you.
You furiously retaliate!
You headbutt the orc. You barely miss the orc.
The orc is heavily wounded.
The orc barely misses you.
You barely miss the orc. Your headbutt misses the orc.
The orc is heavily wounded.
The orc priest invokes the aid of Beogh against you.
Beogh smites you! The orc closely misses you.
You slash the orc!
You kill the orc!
Okawaru accepts your kill.
You slash the orc!
You kill the orc!
Okawaru accepts your kill.
You barely miss the orc priest.
You hear the slow rusting of a distant drain.
The orc priest mumbles some strange prayers to Beogh against you.
Pain shoots through your body!
* * * LOW HITPOINT WARNING * * *
You hit the orc priest.
The orc priest is heavily wounded.
The orc priest hits you but does no damage.
You hit the orc priest. Your headbutt misses the orc priest.
The orc priest is heavily wounded.
You barely miss the orc. Your headbutt misses the orc.
The orc barely misses you.
The orc priest calls down the wrath of Beogh upon you.
Beogh smites you!
You die...

.. ... ..# .. #...
#.# .> #....
#.##.#
#....##.##.#
......##.# #
#.#...#o### #.
#.....ho..####
###.
#.............
....#$......#.####
#..#.#....<..##
#.......##....#
####.#.#####....#
#...............#
#.##.##.#####...#
#.##.##.## #..<#


You could see an orc priest and an orc.

Vanquished Creatures
  An ogre (D:4)
  2 bombardier beetles
  4 gnolls
  5 adders
  2 ribbon worms (D:2)
  2 orcs (D:4)
  4 endoplasms
  13 goblins
  8 hobgoblins
  3 jackals (D:3)
  7 ball pythons
  2 bats
  3 frilled lizards
  4 kobolds
  7 rats
67 creatures vanquished.

Notes
Turn   | Place    | Note
-------+----------+-------------------------------------------
     0 | D:1      | Peloso the Minotaur Fighter began the quest for the Orb.
     0 | D:1      | Reached XP level 1. HP: 19/19 MP: 0/0
   306 | D:1      | Reached XP level 2. HP: 27/27 MP: 1/1
   878 | D:2      | Noticed a bombardier beetle
   889 | D:1      | Reached skill level 4 in Armour
   906 | D:1      | Reached XP level 3. HP: 20/33 MP: 2/2
  1125 | D:2      | Reached XP level 4. HP: 40/40 MP: 3/3
  1489 | D:1      | Reached skill level 5 in Armour
  2313 | D:3      | Reached XP level 5. HP: 29/47 MP: 4/4
  2439 | D:3      | Found an iron altar of Okawaru.
  2447 | D:3      | Became a worshipper of Warmaster Okawaru
  2546 | D:3      | Reached skill level 1 in Dodging
  2700 | D:3      | Found a glowing silver altar of Zin.
  3397 | D:4      | Noticed an ogre
  3404 | D:4      | Killed an ogre
  3405 | D:4      | Reached XP level 6. HP: 24/53 MP: 5/5
  3439 | D:4      | Killed from afar by an orc priest

Illustrated notes

Levels and vault maps discovered:
D:1:      elethiomel_arrival_infinity_welcomes_careful_drivers,
          layout_loops_ring, chequers_big_river, serial_bayou_ford_a
D:2:      minmay_chambers_of_ones, layout_basic, minmay_split_cup_large
D:3:      kennysheep_goblin_castle, layout_loops_ring,
          mainiacjoe_overflow_boulevard, mainiacjoe_overflow_cross_hatched,
          minmay_pentomino_pile
D:4:      layout_loops_cross, gup_sewer_entry_bubbles, uniq_eustachio,
          uniq_duvessa

Skill      XL: |  1  2  3  4  5 |
---------------+----------------+-----
Fighting       | 4 |  4.6
Armour         | 4 5 |  5.5
Shields        | 4 |  4.4
Long Blades    | 3 4 |  4.4
Dodging        | 1 |  1.4
Stealth        | |  0.5
Shapeshifting  | |  0.9

Action                     |  1- 3 |  4- 6 || total
---------------------------+-------+-------++-------
  Melee: Long sword        |    55 |   113 ||   168
         Headbutt          |     2 |    10 ||    12
    Use: Scroll            |     3 |     9 ||    12
 Armour: Scale mail        |    34 |   106 ||   140
  Dodge: Dodged            |    19 |    70 ||    89
  Block: Buckler           |    12 |    35 ||    47
   Form: Beast             |     1 |       ||     1
